 Dungeon Crawl Stone Soup version 0.28-a0-10-g964c8b829e (webtiles) character file.

Game seed: 214667020876997493

634 HAL9000 the Changer (level 7, -2/52 HPs)
             Began as a Black Draconian Transmuter on July 25, 2021.
             Succumbed to Ijyb's poison
             ... on level 5 of the Dungeon.
             The game lasted 00:05:52 (6301 turns).

HAL9000 the Changer (Black Draconian Transmuter)    Turns: 6301, Time: 00:05:53

Health: -2/52      AC:  2    Str: 13    XL:     7   Next: 24%
Magic:  7/10       EV: 19    Int: 15    God:
Gold:   128        SH:  0    Dex: 22    Spells: 4/10 levels left

rFire   . . .      SeeInvis .     - Unarmed
rCold   . . .      Faith    .   (shield currently unavailable)
rNeg    . . .      Spirit   .   (armour unavailable)
rPois   x          Reflect  .   (helmet currently unavailable)
rElec   .          Harm     .   (cloak currently unavailable)
rCorr   .          Rampage  .   (gloves currently unavailable)
Will    .....                   (boots currently unavailable)
Stlth   ++........              (no amulet)
HPRegen 0.17/turn               p - +6 ring of dexterity
MPRegen 0.12/turn               (no ring)

@: brilliant, lethally poisoned (-2 -> -28), spider-form (expiring)
A: venomous fangs, (breathe lightning), AC +6, tiny, unfitting armour,
(electricity resistance), (cold-blooded)
a: End Transformation


You were on level 5 of the Dungeon.
You were a venomous arachnid creature.
You visited 1 branch of the dungeon, and saw 5 of its levels.

You collected 128 gold pieces.

Inventory:

Jewellery
 p - a +6 ring of dexterity (left front leg)
Scrolls
 a - 3 scrolls of identify {unknown}
 b - 4 scrolls of blinking {unknown}
 f - 4 scrolls of enchant armour {unknown}
 g - 3 scrolls of amnesia {unknown}
 j - 2 scrolls of acquirement {unknown}
 k - a scroll of immolation {unknown}
 m - a scroll of torment {unknown}
 n - a scroll of fog {unknown}
 o - a scroll of teleportation {unknown}
Potions
 c - a potion of resistance {unknown}
 d - a potion of berserk rage
 e - a potion of brilliance
 h - 3 potions of curing {unknown}
 i - 2 potions of lignification {unknown}
 l - a potion of haste {unknown}


   Skills:
 - Level 1.1 Fighting
 - Level 1.7 Dodging
 - Level 3.2 Unarmed Combat
 - Level 2.3 Spellcasting
 + Level 7.9 Transmutations


You had 4 spell levels left.
You knew the following spells:

 Your Spells              Type           Power      Damage    Failure   Level
a - Beastly Appendage     Tmut           76%        N/A       4%          1
b - Wereblood             Tmut           38%        N/A       6%          2
c - Spider Form           Tmut/Pois      10%        N/A       30%         3

Your spell library contained the following spells:

 Spells                   Type           Power      Damage    Failure   Level
 Corona                   Hex            2%         N/A       43%         1
 Ensorcelled Hibernation  Hex/Ice        4%         N/A       54%         2
 Ice Form                 Ice/Tmut       20%        N/A       61%         4
 Tukima's Dance           Hex            2%         N/A       75%         3


Dungeon Overview and Level Annotations

Branches:
Dungeon (5/15)
 Temple: D:4-7

Altars:

Shops:
D:2 (

Annotations:
D:5 Ijyb


Innate Abilities, Weirdness & Mutations

You are a venomous arachnid creature.
You have poisonous fangs.
You are tiny and dextrous.
Your spellcasting is less reliable in this form.
Your armour is entirely melded.
You are incapable of wielding weapons or throwing items.
((You can breathe wild blasts of lightning.))
((Your glossy black scales are hard. (AC +6)))
You cannot fit into any form of body armour.
((You are resistant to electric shocks. (rElec)))
((You are cold-blooded and may be slowed by cold attacks.))


Message History

You hit Ijyb but do no damage.
Ijyb is moderately wounded.
Ijyb hits you with a +1 dagger of venom.
You are poisoned.
You hit Ijyb.
Ijyb is moderately wounded.
You feel very sick.
Ijyb hits you with a +1 dagger of venom.
You are more poisoned.
You hit Ijyb but do no damage.
Ijyb is moderately wounded.
You feel extremely sick.
Ijyb screams, "Die!"
Ijyb barely misses you.
You hit Ijyb but do no damage.
Ijyb is moderately wounded.
You feel extremely sick.
Ijyb zaps a wand.
You resist with some effort.
You barely miss Ijyb.
Ijyb is moderately wounded.
Your transformation is almost over.
You have got your breath back.
You feel very sick.
You completely miss Ijyb.
Ijyb is moderately wounded.
You feel very sick.
Ijyb hits you with a +1 dagger of venom.
* * * LOW HITPOINT WARNING * * *
You are more poisoned.
You barely miss Ijyb.
Ijyb is moderately wounded.
* * * LOW HITPOINT WARNING * * *
You feel extremely sick.
Ijyb zaps a wand.
You resist with some effort.
Unknown command.
Okay, then.
Okay, then.
It was a potion of brilliance.
You feel clever all of a sudden.
You die...

....#.........#
....#.........#
....'.........#
#..###..###..######## #
#..###+####..###....###..
....#.................∩..
....#....................
....+...................
################s...###.
#.>###... #g...#
......... ...............
........> ...............
......... ...............
......... ...............
#..###... ###..##...##...
#### #.. #...# ### ...
#...#


You could see Ijyb.

Vanquished Creatures
  Edmund (D:4)
  A phantom (D:4)
  A hound (D:4)
  2 orc priests
  A bullfrog skeleton (D:5)
  A gnoll shaman (D:4)
  2 iguanas (D:4)
  2 orc wizards (D:5)
  A hound skeleton (D:5)
  3 gnolls
  6 adders
  2 worms
  2 dart slugs
  5 orcs
  7 ball pythons
  5 bats
  8 endoplasms
  2 giant cockroaches (D:1)
  6 goblins
  6 hobgoblins
  4 jackals (D:3)
  3 quokkas
  3 frilled lizards
  11 kobolds
  A rat (D:1)
86 creatures vanquished.

Notes
Turn   | Place    | Note
-------+----------+-------------------------------------------
     0 | D:1      | HAL9000 the Draconian Transmuter began the quest for the
                  | Orb.
     0 | D:1      | Reached XP level 1. HP: 16/16 MP: 3/3
   368 | D:1      | Reached XP level 2. HP: 20/23 MP: 3/5
   820 | D:1      | Reached skill level 3 in Transmutations
  1575 | D:2      | Learned a level 2 spell: Wereblood
  1599 | D:2      | Reached XP level 3. HP: 17/28 MP: 4/6
  1790 | D:2      | Found Biudes's Antique Weapon Shoppe.
  2019 | D:2      | Learned a level 3 spell: Spider Form
  2030 | D:2      | Reached skill level 4 in Transmutations
  2594 | D:2      | Reached XP level 4. HP: 34/35 MP: 5/7
  3273 | D:3      | Found a faded altar of an unknown god.
  3857 | D:4      | Reached XP level 5. HP: 40/40 MP: 4/8
  3999 | D:4      | Reached skill level 5 in Transmutations
  4299 | D:4      | Noticed a phantom
  4319 | D:4      | Killed a phantom
  5119 | D:5      | Entered Level 5 of the Dungeon
  5119 | D:5      | Noticed Edmund
  5127 | D:4      | Reached skill level 6 in Transmutations
  5127 | D:4      | Reached XP level 6. HP: 39/47 MP: 5/9
  5274 | D:4      | Killed Edmund
  5543 | D:5      | Reached skill level 7 in Transmutations
  5750 | D:5      | Your scales start taking on a glossy black colour.
  5750 | D:5      | Reached XP level 7. HP: 41/52 MP: 6/10
  5750 | D:5      | Gained mutation: You are resistant to electric shocks.
                  | (rElec) [Black Draconian growth]
  6285 | D:5      | Noticed Ijyb
  6301 | D:5      | Succumbed to Ijyb's poison

Illustrated notes

Levels and vault maps discovered:
D:1:      erik_arrival_triangle_small, layout_loops_corners
D:2:      layout_loops_cross, serial_shops, nicolae_lakefront_shop
D:3:      layout_rooms, dreamdust_ecumenical_altar_angels_and_demons
D:4:      layout_basic, hangedman_decor_push
D:5:      layout_gridville, mainiacjoe_overflow_alcove_1, st_stairs_14,
          kennysheep_pointless_box, abandoned_shop, uniq_grinder, uniq_ijyb,
          uniq_edmund

Skill      XL: |  1  2  3  4  5  6 |
---------------+-------------------+-----
Transmutations | 3 4 6 7 |  7.9
Fighting       | |  1.1
Dodging        | |  1.7
Unarmed Combat | |  3.2
Spellcasting   | |  2.3

Action                   |  1- 3 |  4- 6 |  7- 9 || total
-------------------------+-------+-------+-------++-------
Melee: Unarmed           |   106 |   164 |    51 ||   321
       Tailslap          |     7 |    16 |       ||    23
       Kick              |    12 |    22 |     1 ||    35
       Headbutt          |     7 |    15 |     1 ||    23
       Punch             |     3 |     1 |       ||     4
 Cast: Beastly Appendage |    24 |    23 |     2 ||    49
       Spider Form       |       |     6 |     4 ||    10
 Abil: Breathe Lightning |       |       |     2 ||     2
  Use: Potion            |       |       |     1 ||     1
 Stab: Sleeping          |     2 |     1 |       ||     3
Armor: Skin              |    32 |    36 |     2 ||    70
Dodge: Dodged            |    68 |   101 |    56 ||   225

Table legend: (Time is in decaauts)
 A = Elapsed time spent in this place.
 B = Non-inter-level travel time spent in this place.
 C = Inter-level travel time spent in this place.
 D = Time resting spent in this place.
 E = Time spent auto-exploring this place.
 F = Levels seen in this place.
 G = Mean time per level.
                   A        B        C        D        E       F      G
               +--------+--------+--------+--------+--------+-----+--------+
         Total |   6293 |   6087 |    206 |   1480 |   3865 |   5 | 1258.6 |
       Dungeon |   6293 |   6087 |    206 |   1480 |   3865 |   5 | 1258.6 |
               +--------+--------+--------+--------+--------+-----+--------+

Top non-repeatable levels by time:
     D:4: 2451 daAuts
     D:1: 1443 daAuts
     D:2: 1226 daAuts
     D:3: 767 daAuts
     D:5: 404 daAuts
